AoeStats
← [LCDR] Alone

African Clearing

510624537Analyzed
4v4 RM · 1d ago on Oct 1, 2026· 63m 16s· 8 players
Game mode
Random Map
Map size
Large (8 player)
Population
200
Speed
Normal
Resources
Standard
Victory
Conquest
Starting age
Dark Age
Ending age
Imperial Age
RankedLock teamsTeams togetherTeam positionsShared explorationLock speedFull tech treeHidden civsTurbo modeCheats
Victory
Defeat
🇧🇷 Wei · Brazil
1670
+11
🇧🇷 Huns · Brazil
1628
+12
🇨🇱 Chinese · Chile
1496
+18
🇧🇷 Magyars · Brazil
1476
+18
🇵🇹 Vietnamese · Portugal
1573
-16
🇨🇦 Persians · Canada
1563
-16
🇺🇸 Burgundians · United States
1537
-15
🇨🇴 Mongols · Colombia
1477
-12
Persian Assassin
11:42 Loom
13:40 Feudal Age
17:37 Castle Age
15:47 Double-Bit Axe
17:31 Scale Barding Armor
17:49 Bloodlines
18:38 Horse Collar
29:13 Husbandry
31:42 Chain Barding Armor
33:28 Town Watch
35:31 Forging
36:00 Wheelbarrow
36:50 Iron Casting
37:22 Gold Mining
40:51 Gold Shaft Mining
52:47 Hand Cart
61:28 Imperial Age
60:07 Stone Mining
63:43 Conscription
boo
6:14 Loom
12:17 Feudal Age
11:33 Double-Bit Axe
16:48 Castle Age
26:59 Wheelbarrow
26:11 Town Watch
28:37 Bow Saw
30:01 Hand Cart
33:05 Gold Mining
34:52 Stone Mining
36:36 Stone Shaft Mining
36:37 Gold Shaft Mining
37:27 Fletching
38:51 Bodkin Arrow
39:50 Ballistics
42:09 Imperial Age
40:25 Forging
40:21 Scale Barding Armor
40:18 Husbandry
39:38 Cavalier
41:22 Chain Barding Armor
43:34 Plate Barding Armor
43:35 Iron Casting
43:21 Conscription
43:26 Paladin
sebas0995932
3:47 Loom
12:34 Feudal Age
13:22 Feudal Age
16:52 Castle Age
19:10 Fletching
19:59 Bodkin Arrow
32:24 Town Watch
Santoryu
9:10 Loom
11:38 Feudal Age
17:34 Double-Bit Axe
19:10 Fletching
23:56 Castle Age
22:35 Gold Mining
24:02 Crossbowman
24:38 Bodkin Arrow
26:29 Ballistics
28:42 Horse Collar
31:07 Bow Saw
33:39 Wheelbarrow
34:25 Hand Cart
39:04 Imperial Age
37:19 Padded Archer Armor
37:34 Thumb Ring
38:21 Stone Mining
38:48 Heavy Plow
39:40 Leather Archer Armor
40:08 Stone Shaft Mining
39:06 Arbalester
39:47 Bracer
40:49 Chemistry
41:30 Ring Archer Armor
40:44 Pikeman
41:24 Squires
41:45 Halberdier
42:45 Scale Mail Armor
42:56 Forging
43:37 Elite Skirmisher
44:42 Town Watch
46:50 Chain Mail Armor
47:10 Iron Casting
49:58 Plate Mail Armor
49:51 Paper Money
50:42 Arson
55:29 Imperial Skirmisher
58:49 Bloodlines
60:52 Husbandry
60:14 Elite Battle Elephant
61:03 Scale Barding Armor
62:32 Chatras
63:08 Hoardings
[LCDR] Alone
9:31 Loom
12:09 Feudal Age
15:47 Forging
19:18 Double-Bit Axe
19:13 Horse Collar
28:32 Castle Age
28:45 Fletching
33:16 Bow Saw
36:44 Heavy Plow
37:21 Wheelbarrow
40:24 Imperial Age
38:46 Scale Barding Armor
38:42 Marauders
39:30 Bloodlines
39:20 Husbandry
40:27 Chain Barding Armor
40:29 Elite Tarkan
42:17 Conscription
42:46 Plate Barding Armor
44:31 Iron Casting
46:35 Blast Furnace
57:07 Bodkin Arrow
56:39 Elite Skirmisher
57:24 Thumb Ring
58:04 Bracer
58:05 Padded Archer Armor
58:46 Ballistics
59:27 Chemistry
58:16 Heavy Cavalry Archer
61:15 Leather Archer Armor
62:26 Light Cavalry
ZZZzzzzz....
3:25 Loom
11:10 Feudal Age
12:19 Double-Bit Axe
15:02 Fletching
17:21 Padded Archer Armor
23:38 Castle Age
21:56 Gold Mining
22:07 Horse Collar
23:40 Crossbowman
24:18 Bodkin Arrow
24:44 Leather Archer Armor
25:14 Bow Saw
26:25 Ballistics
27:56 Wheelbarrow
29:01 Coinage
28:44 Thumb Ring
39:16 Imperial Age
38:05 Stone Mining
40:15 Gold Shaft Mining
40:12 Hand Cart
39:59 Bracer
39:33 Arbalester
41:01 Ring Archer Armor
41:56 Chemistry
42:18 Conscription
43:11 Town Watch
43:36 Scale Barding Armor
44:46 Bloodlines
44:37 Husbandry
45:00 Chain Barding Armor
44:51 Light Cavalry
46:37 Plate Barding Armor
48:44 Forging
50:01 Iron Casting
51:30 Scale Mail Armor
52:30 Blast Furnace
54:48 Heavy Plow
57:14 Chain Mail Armor
57:37 Stone Shaft Mining
59:30 Great Wall
Newlife
4:35 Loom
13:05 Feudal Age
18:00 Castle Age
16:17 Double-Bit Axe
17:00 Horse Collar
19:40 Wheelbarrow
23:43 Bow Saw
26:45 Stone Mining
27:21 Gold Mining
29:11 Heavy Plow
29:34 Town Watch
31:31 Fletching
32:15 Hand Cart
33:37 Bloodlines
33:28 Husbandry
34:04 Scale Barding Armor
36:10 Chain Barding Armor
42:35 Light Cavalry
46:15 Imperial Age
45:08 Gold Shaft Mining
45:54 Treadmill Crane
46:22 Cavalier
46:23 Hussar
48:27 Plate Barding Armor
51:04 Paladin
53:26 Conscription
62:50 Caravan
63:21 Coinage
[LCDR] Chorobura
4:45 Loom
10:26 Loom
13:27 Feudal Age
14:04 Double-Bit Axe
15:45 Horse Collar
21:06 Wheelbarrow
23:12 Castle Age
22:04 Scale Barding Armor
22:02 Gold Mining
22:51 Bloodlines
24:35 Forging
24:30 Husbandry
26:00 Chain Barding Armor
33:41 Iron Casting
37:57 Fletching
41:22 Imperial Age
39:30 Padded Archer Armor
39:25 Bodkin Arrow
40:52 Thumb Ring
42:11 Bracer
43:11 Ming Guang Armor
43:06 Conscription
42:56 Heavy Hei Guang Cavalry
45:23 Chemistry
44:43 Ballistics
47:07 Tuntian
47:43 Leather Archer Armor
49:51 Elite Tiger Cavalry
52:59 Parthian Tactics
55:15 Ring Archer Armor
55:46 Blast Furnace
56:27 Light Cavalry
56:59 Elite Skirmisher
58:19 Hand Cart
57:51 Town Watch
59:12 Light Cavalry
Connection lost

Rejoining the realm…

Still unreachable

The connection could not be restored.

Session expired

The server has moved on; the page needs a fresh start.